 Dungeon Crawl Stone Soup version 0.30.1-3-gfc49f6343a (webtiles) character file.

Game seed: 17503766019152770343

1830461 BaconRulez the Axe Maniac (level 26, 239/239 HPs)
             Began as a Minotaur Berserker on July 26, 2023.
             Was the Champion of Trog.
             Escaped with the Orb
             ... and 3 runes on July 28, 2023!
             The game lasted 09:09:32 (58364 turns).

BaconRulez the Axe Maniac (Minotaur Berserker)     Turns: 58364, Time: 09:09:33

Health: 239/239    AC: 43    Str: 37    XL:     26   Next: 64%
Magic:  7/7        EV: 21    Int:  3    God:    Trog [******]
Gold:   1898       SH: 27    Dex: 15    Spells: 25/25 levels left

rFire   + + .        a - +9 broad axe (antimagic)
rCold   + + .        K - +2 tower shield of the Tormentor {rPois Dex+4 Stlth+}
rNeg    . . .        W - +9 gold dragon scales
rPois   +            i - +0 mask of the Dragon {Will+ Slay+3 SInv}
rElec   +            G - scarf {repulsion}
rCorr   .            I - +2 pair of gloves {hurl}
SInv    +            f - +2 pair of boots {Fly}
Will    +++..        z - amulet "Keirgh" {rPois Regen+ Dex+5} Stlth
                     b - ring of Xom's Capriciousness {rElec Will+ EV+5}
HPRegen 1.39/turn    Y - ring of Xom's Sleight of Hands {rF+ rC+ Slay+5}
MPRegen 0.10/turn

%: repel missiles
@: mighty, flying, hasted, studying 2 skills, very quick
A: horns 2, retaliatory headbutt, clumsy 2, deterioration 1, frail 1, strong 1
0: Orb of Zot
}: 3/15 runes: serpentine, barnacled, silver
a: Renounce Religion, Berserk, Trog's Hand, Brothers in Arms


You escaped.
You worshipped Trog.
Trog was exalted by your worship.
You visited 10 branches of the dungeon, and saw 48 of its levels.
You also visited: Bailey.

You collected 9006 gold pieces.
You spent 7108 gold pieces at shops.

Inventory:

Hand Weapons
 a - a +9 antimagic broad axe (weapon)
 V - a +9 broad axe of flaming
Missiles
 k - 19 javelins
 H - 5 silver javelins
 T - 7 throwing nets (quivered)
Armour
 f - a +2 pair of boots of flying (worn)
 i - the +0 mask of the Dragon (worn) {Will+ Slay+3 SInv}
   (You bought it in a shop on level 2 of the Orcish Mines)

   Slay:      It affects your accuracy & damage with ranged weapons and melee
   (+3).
   SInv:      It lets you see invisible.
   Will:      It increases your willpower.
 G - a scarf of repulsion (worn)
 I - a +2 pair of gloves of hurling (worn)
 K - the +2 tower shield of the Tormentor (worn) {rPois Dex+4 Stlth+}
   (You found it on level 13 of the Dungeon)

   Dex:       It affects your dexterity (+4).
   rPois:     It protects you from poison.
   Stlth:     It makes you more stealthy.
 W - +9 gold dragon scales (worn)
Jewellery
 b - the ring of Xom's Capriciousness (left hand) {rElec Will+ EV+5}
   (You bought it in a shop on level 2 of the Depths)

   [ring of evasion]

   EV:        It affects your evasion (+5).
   rElec:     It insulates you from electricity.
   Will:      It increases your willpower.
 e - a +6 ring of intelligence
 l - a +4 ring of protection
 n - an amulet of faith
 p - a ring of protection from fire
 q - the ring "Uquwemas" {rCorr SInv}
   (You took it off a merfolk impaler on level 4 of the Shoals)

   [ring of resist corrosion]

   SInv:      It lets you see invisible.
   rCorr:     It protects you from acid and corrosion.
 s - an amulet of guardian spirit
 v - the ring of Fucoun {Fly rElec rC- rN+ Stlth+}
   (You bought it in a shop on level 1 of the Elven Halls)

   [ring of flight]

   rC:        It makes you vulnerable to cold.
   rElec:     It insulates you from electricity.
   rN:        It protects you from negative energy.
   Fly:       It grants you flight.
   Stlth:     It makes you more stealthy.
 z - the amulet "Keirgh" (around neck) {rPois Regen+ Dex+5}
   (You found it on level 9 of the Dungeon)

   [amulet of regeneration]

   Dex:       It affects your dexterity (+5).
   rPois:     It protects you from poison.
   Regen:     It increases your rate of health regeneration.
 E - a ring of fire
 F - a ring of protection from cold
 Y - the ring of Xom's Sleight of Hands (right hand) {rF+ rC+ Slay+5}
   (You bought it in a shop on level 13 of the Dungeon)

   [ring of protection from fire]

   Slay:      It affects your accuracy & damage with ranged weapons and melee
   (+5).
   rF:        It protects you from fire.
   rC:        It protects you from cold.
Wands
 h - a wand of polymorph (33)
 j - a wand of digging (5)
 m - a wand of quicksilver (12)
 u - a wand of paralysis (55)
 A - a wand of mindburst (42)
 C - a wand of flame (84)
 Q - a wand of roots (38)
Scrolls
 c - 20 scrolls of teleportation
 g - a scroll of poison
 t - 2 scrolls of enchant weapon
 x - 6 scrolls of fear
 y - 4 scrolls of silence
 J - 3 scrolls of magic mapping
Potions
 d - 3 potions of might
 o - 17 potions of curing
 r - a potion of cancellation
 w - 4 potions of mutation
 D - 3 potions of berserk rage
 M - 2 potions of invisibility
 O - 12 potions of ambrosia
 S - 7 potions of attraction
 U - 3 potions of resistance
 X - 2 potions of haste
Miscellaneous
 B - a box of beasts
 Z - a phantom mirror


   Skills:
 O Level 27 Fighting
 O Level 27 Axes
 + Level 14.1 Throwing
 + Level 26.7 Armour
 * Level 16.9 Dodging
 - Level 3.1 Stealth
 O Level 27 Shields
 - Level 1.5 Unarmed Combat
 + Level 4.8 Evocations


You had 25 spell levels left.
You didn't know any spells.
Your spell library was empty.

Dungeon Overview and Level Annotations

Branches:
Dungeon (15/15)            Temple (1/1) D:6            Lair (5/5) D:8
 Shoals (4/4) Lair:2        Snake (4/4) Lair:3        Slime (0/5) Lair:4
    Orc (2/2) D:11            Elf (3/3) Orc:2        Vaults (5/5) D:13
  Crypt (0/3) Vaults:3     Depths (4/4) D:15            Zot (5/5) Depths:4
 Bailey (visited)

Altars:
Ashenzari
Cheibriados
Dithmenos
Elyvilon
Fedhas
Gozag
Hepliaklqana
Kikubaaqudgha
Makhleb
Nemelex Xobeh
Okawaru
Qazlal
Ru
Sif Muna
Trog
Uskayaw
Vehumet
Wu Jian
Xom
Yredelemnul
Zin
The Shining One
Jiyva

Shops:
D:11 [   D:13 =   Orc:1 (==*   Orc:2 =:*[   Elf:1 :**   Elf:3 :   Shoals:1 :[[
Shoals:2 ![   Snake:3 ***(   Vaults:1 (   Vaults:3 (   Depths:1 !
Depths:2 ?==::(?

Portals:
Hell: Depths:1 Depths:2 Depths:3 Depths:4
Abyss: Depths:1 Depths:3
Pandemonium: Depths:1 Depths:2 Depths:4
Ziggurat: Depths:2

Annotations:
Elf:2 3 runed translucent doors


Innate Abilities, Weirdness & Mutations

You have a pair of horns on your head.
You reflexively headbutt those who attack you in melee.
You are very clumsy. (Dex -4)
Your body sometimes deteriorates upon taking damage.
You are frail. (-10% HP)
Your muscles are strong. (Str +4, Int/Dex -1)


Message History

You slice the sun demon!!
You kill the sun demon!
Trog accepts your kill.
You slice the green death!!
The green death's magic leaks into the air.
Your stone giant hits the ice devil!!!
The ice devil dies!
Trog accepts your kill. You block the green death's attack.
You block Bif Le Ecw's attack.
You miss Bif Le Ecw.
Bif Le Ecw is severely wounded.
You hit the green death.
You kill the green death!
Trog accepts your kill.
You chop Bif Le Ecw into pieces!!!
You kill Bif Le Ecw!
Trog accepts your kill.
Your stone giant hits the orange demon!!!
The orange demon barely misses your stone giant.
The orange demon hits your stone giant but does no damage.
Your stone giant hits the orange demon!!
The orange demon dies!
Trog accepts your kill.
You hear a shout! x2
You hear a shout!
You hear a shout!
A shadow demon comes into view.
You open the shadow demon like a pillowcase!!!
The shadow demon's magic leaks into the air.
You headbutt the shadow demon!
The shadow demon is almost dead.
The shadow demon gestures.
You slice the shadow demon!!
You kill the shadow demon!
Trog accepts your kill.
The endoplasm dissolves into shadows!
The hobgoblin dissolves into shadows!
The bat dissolves into shadows!
There is a staircase leading out of the dungeon here.
Your stone giant rages.
You have escaped!

# ##............##..........## #
###.......##(...##....##....>####
#(........##..........##.......#.
#....##.........C..............##
#....##...................##...#
#....................[....##...#
#..............................#
#..##...........>..............#
...##...........@...[......##..#
#..........................##..#
...............................#
#...##.........................#
#...##...................##...(##
#........................##......
#.......##..........##..........#
##......##....##....##.......##.#
...#รท.........##................#


You could see a friendly stone giant (summoned, berserk).

Vanquished Creatures
  3 dread liches
  9 ancient liches
  3 orbs of fire
  A juggernaut (Depths:4)
  Sojobo (Vaults:4)
  Parghit (Depths:4)
  5 Killer Klowns
  7 curse toes
  2 caustic shrikes (Depths:2)
  Xtahua (Vaults:3)
  Nikola (Shoals:4)
  11 golden dragons
  The ghost of theMacoje the Slayer, an adept OgEn of Okawaru (Vaults:4)
  A profane servitor (Zot:5)
  A bone dragon (Depths:4)
  2 electric golems (Zot:5)
  2 walking crystal tomes (Depths:3)
  Jorgrun (D:15)
  Zenata (Elf:2)
  26 Orb Guardians
  Rupert (D:14)
  19 tentacled monstrosities
  3 liches
  2 deep elf blademasters (Elf:3)
  2 deep elf master archers (Elf:3)
  A quicksilver dragon (shapeshifter) (Vaults:5)
  7 titans
  An acid blob (Depths:2)
  An acid blob (shapeshifter) (Vaults:5)
  12 quicksilver dragons
  3 pandemonium lords
  7 death cobs
  An eldritch tentacle (Vaults:1)
  4 sphinxes
  13 storm dragons
  Frances (Elf:1)
  10 shadow dragons
  Kirke (Shoals:2)
  2 krakens
  2 revenants (Vaults:3)
  7 tengu reavers
  2 rockslimes (Depths:2)
  5 nagarajas
  An azure jelly (Depths:2)
  4 iron dragons
  A fenstrider witch (Shoals:2)
  9 draconian knights
  4 fire giants
  4 draconian monks
  3 ghost moths
  6 deep elf sorcerers
  A balrug (Depths:1)
  10 frost giants
  6 draconian scorchers
  4 deep elf elementalists (Elf:3)
  A ghost moth (shapeshifter) (Depths:2)
  Aizul (Snake:2)
  19 vault wardens
  5 draconian shifters
  2 draconian stormcallers
  Louise (Elf:2)
  5 draconian annihilators
  4 reapers
  3 war gargoyles
  19 ironbound preservers
  A spriggan defender (Depths:2)
  4 orc warlords
  9 quicksilver oozes (Depths:2)
  13 ironbound thunderhulks
  2 vampire knights
  A quicksilver ooze (shapeshifter) (Vaults:5)
  14 very ugly things
  14 stone giants
  7 dire elephants
  A bunyip (shapeshifter) (Vaults:5)
  13 green draconians
  12 black draconians
  10 deep elf demonologists
  11 red draconians
  11 deep elf annihilators
  4 spark wasps (Depths:3)
  11 white draconians
  28 purple draconians
  11 yellow draconians
  8 merfolk javelineers
  9 deep elf death magi
  Josephine (D:12)
  A green death (D:1)
  16 ettins
  4 fire dragons
  15 yaktaur captains
  10 merfolk impalers
  An entropy weaver (Vaults:4)
  5 deep elf high priests
  The ghost of Fecro the Unseen, a journeyman SpBr of Wu Jian (Elf:1)
  6 great orbs of eyes
  7 hydras
  4 peacekeepers
  5 salamander tyrants (Snake:4)
  An ice dragon (Depths:2)
  8 ironbound frosthearts
  42 vault guards
  3 rakshasas
  9 anacondas
  2 catoblepae
  An ogre mage (Vaults:5)
  A two-headed ogre (shapeshifter) (Vaults:5)
  6 two-headed ogres
  6 merfolk avatars
  3 spriggan air magi
  A death knight (D:13)
  6 boulder beetles
  5 centaur warriors
  3 alligator snapping turtles
  3 merfolk aquamancers
  2 hell beasts
  A satyr (Shoals:4)
  5 deep troll earth magi
  16 naga warriors
  16 dancing weapons
  18 death yaks
  6 tengu warriors
  3 deep troll shamans
  Urug (Orc:2)
  2 hell hogs (Depths:4)
  5 orc high priests (Orc:2)
  10 shock serpents
  3 hell knights
  18 deep elf knights
  13 naga sharpshooters
  5 spriggan berserkers
  A soul eater (Depths:4)
  6 skysharks
  12 sun demons
  A salamander mystic (Snake:1)
  8 skeletal warriors
  A sixfirhy (Depths:2)
  5 iron trolls
  11 sea snakes
  3 flayed ghosts
  A shadow demon (D:1)
  63 deep trolls
  20 deep elf archers
  A deep troll (shapeshifter) (Vaults:5)
  31 slime creatures
  5 glowing orange brains
  20 ironbound convokers
  A lindwurm (Vaults:1)
  8 wizards
  Pikel (D:4)
  3 naga ritualists
  23 harpies
  11 ugly things
  30 deep elf pyromancers
  2 shining eyes (Depths:2)
  3 necromancers
  6 phantasmal warriors
  14 mana vipers
  16 orc knights
  11 salamanders
  21 fauns
  2 wolf spiders
  27 deep elf zephyrmancers
  2 orc sorcerers
  19 manticores
  A salamander (shapeshifter) (D:13)
  32 moths of wrath
  5 cyclopes
  2 worldbinders (Vaults:1)
  A rust devil (Depths:2)
  13 elephants
  3 guardian serpents
  30 black mambas
  10 merfolk sirens
  22 naga magi
  3 water nymphs
  20 vault sentinels
  2 torpor snails
  10 cane toads
  8 apocalypse crabs (Zot:4)
  4 smoke demons (Depths:4)
  2 hellions
  An unseen horror (D:13)
  3 orange demons
  3 kobold demonologists (D:13)
  Maggie (D:8)
  37 yaktaurs
  5 rime drakes
  2 freezing wraiths
  2 ice devils
  5 komodo dragons
  5 tengu conjurers
  6 trolls
  2 red devils
  3 meliai (Lair:5)
  4 hellwings
  8 polar bears
  A queen bee (Lair:5)
  3 wind drakes
  19 merfolk
  Prince Ribbit (Bailey)
  13 blink frogs
  Grinder (D:4)
  6 hornets
  A raiju (shapeshifter) (D:10)
  11 dream sheep
  9 snapping turtles
  2 jumping spiders (Vaults:1)
  A shadow (D:10)
  A vampire (D:10)
  2 air elementals
  32 yaks
  2 culicivoras (Vaults:1)
  13 water elementals
  A spriggan (Depths:1)
  4 wyverns
  4 wraiths
  7 golden eyes (Depths:2)
  2 steam dragons
  3 basilisks
  A fire elemental (Elf:1)
  6 hogs (Shoals:2)
  11 humans
  12 vampire mosquitoes
  A chaos spawn (Zot:1)
  A redback (Vaults:4)
  Edmund (D:4)
  48 nagas
  2 spatial vortices (Vaults:1)
  3 acid dragons
  2 water moccasins
  10 wargs
  2 black bears
  4 ice beasts
  44 orc warriors
  A meliai simulacrum (D:14)
  14 ogres
  5 wolves (Lair:1)
  14 centaurs
  2 boggarts (Vaults:1)
  6 kobold brigands
  Blork the orc (D:6)
  5 necrophages (Lair:3)
  5 scorpions
  21 bullfrogs
  6 earth elementals
  2 gnoll sergeants
  27 killer bees
  An electric eel (D:13)
  5 jellies (D:8)
  A crimson imp (D:6)
  2 howler monkeys
  A quasit (D:4)
  3 lava snakes
  6 hounds
  An iron imp (D:9)
  24 orc priests
  2 sleepcaps (D:6)
  A gnoll bouda (D:10)
  6 iguanas
  24 orc wizards
  Natasha (thrice) (D:4)
  31 gnolls
  13 adders
  2 white imps
  3 worms
  5 dart slugs
  105 orcs
  7 endoplasms
  A giant cockroach (D:3)
  11 goblins
  12 hobgoblins
  4 jackals (D:2)
  14 kobolds
  A quokka (shapeshifter) (Vaults:5)
  5 quokkas
  4 ball pythons (D:1)
  6 bats
  A frilled lizard (D:3)
  5 rats
  5 tentacles
2149 creatures vanquished.

Vanquished Creatures (collateral kills)
  A pandemonium lord (D:1)
  Polyphemus (Shoals:3)
  2 vault wardens
  A very ugly thing (Vaults:1)
  4 ironbound preservers (Vaults:1)
  A stone giant (Vaults:4)
  3 dire elephants (Vaults:1)
  An ettin (Vaults:4)
  A merfolk impaler (Shoals:3)
  An entropy weaver (Vaults:1)
  5 vault guards
  3 centaur warriors (Vaults:1)
  3 ironbound frosthearts (Vaults:1)
  A dancing weapon (Elf:1)
  3 death yaks (Shoals:3)
  7 deep trolls
  A glowing orange brain (Vaults:1)
  An obsidian statue (Elf:1)
  A lindwurm (Vaults:1)
  2 deep elf zephyrmancers (Elf:1)
  An ironbound convoker (Vaults:1)
  4 ugly things
  A manticore (Shoals:3)
  2 fauns (Shoals:2)
  A moth of wrath (Vaults:4)
  A vault sentinel (Vaults:1)
  A naga mage (Snake:4)
  An orange demon (D:1)
  An ice devil (D:1)
  4 yaktaurs
  A merfolk (Shoals:3)
  A naga (Snake:4)
62 creatures vanquished.

Vanquished Creatures (others)
  A deep elf zephyrmancer (Vaults:1)
  A necromancer (Vaults:3)
  A naga mage (Snake:3)
  A centaur (Shoals:4)
  15 tentacles
19 creatures vanquished.

Grand Total: 2230 creatures vanquished

Notes
Turn   | Place    | Note
-------+----------+-------------------------------------------
     0 | D:1      | BaconRulez the Minotaur Berserker began the quest for the
                  | Orb.
     0 | D:1      | Reached XP level 1. HP: 19/19 MP: 0/0
   211 | D:1      | Reached XP level 2. HP: 14/27 MP: 1/1
   565 | D:1      | Reached ** piety under Trog
   959 | D:2      | Reached XP level 3. HP: 28/34 MP: 2/2
  1182 | D:2      | Reached XP level 4. HP: 41/41 MP: 3/3
  1218 | D:2      | Reached skill level 5 in Axes
  1540 | D:3      | Gained mutation: Your flesh is heat resistant. (rF+)
                  | [potion of mutation]
  1540 | D:3      | Gained mutation: Armour fits poorly on your strangely
                  | shaped body. [potion of mutation]
  1540 | D:3      | Gained mutation: You passively map a small area around you.
                  | [potion of mutation]
  1540 | D:3      | Gained mutation: Your flesh is cold resistant. (rC+)
                  | [potion of mutation]
  1758 | D:3      | Reached XP level 5. HP: 42/47 MP: 4/4
  1793 | D:3      | Found a burning altar of Makhleb.
  1968 | D:3      | Reached *** piety under Trog
  1977 | D:3      | Found a sacrificial altar of Ru.
  2499 | D:3      | Identified a scroll of acquirement
  2522 | D:4      | Lost mutation: Your flesh is heat resistant. (rF+) [potion
                  | of mutation]
  2522 | D:4      | Lost mutation: You passively map a small area around you.
                  | [potion of mutation]
  2522 | D:4      | Gained mutation: Your mind is acute. (Int +4, Str/Dex -1)
                  | [potion of mutation]
  2522 | D:4      | Gained mutation: You are partially covered in iridescent
                  | scales. (AC +2) [potion of mutation]
  2522 | D:4      | Gained mutation: You are covered in fur. (AC +1) [potion of
                  | mutation]
  2522 | D:4      | Gained mutation: You are robust. (+10% HP) [potion of
                  | mutation]
  2561 | D:4      | Noticed a lemure
  2561 | D:4      | Noticed Natasha
  2562 | D:4      | Noticed Pikel
  2562 | D:4      | Noticed a lemure
  2565 | D:4      | a lemure changed into a quasit
  2573 | D:4      | Noticed a lemure
  2577 | D:4      | Noticed a lemure
  2585 | D:4      | Killed Pikel
  2586 | D:4      | Reached skill level 5 in Fighting
  2586 | D:4      | Reached skill level 5 in Armour
  2586 | D:4      | Reached XP level 6. HP: 35/61 MP: 5/5
  2586 | D:4      | Reached XP level 7. HP: 39/67 MP: 6/6
  2591 | D:4      | Killed Natasha
  2619 | D:4      | Noticed Grinder
  2628 | D:4      | Paralysed by Grinder for 5 turns
  2644 | D:4      | Killed Grinder
  2646 | D:4      | Noticed Natasha
  2723 | D:4      | Reached XP level 8. HP: 18/77 MP: 7/7
  2724 | D:4      | Killed Natasha
  2778 | D:4      | Noticed Natasha
  2785 | D:4      | Killed Natasha
  2881 | D:4      | Noticed Edmund
  2904 | D:4      | Killed Edmund
  2952 | D:4      | Found a bloodstained altar of Trog.
  3063 | D:5      | Entered Level 5 of the Dungeon
  3323 | D:5      | Reached **** piety under Trog
  3457 | D:5      | Found a broken altar of Ashenzari.
  3637 | D:6      | Reached skill level 10 in Axes
  3668 | D:6      | Noticed Blork the orc
  3684 | D:6      | Killed Blork the orc
  3738 | D:6      | Reached XP level 9. HP: 45/89 MP: 8/8
  3832 | D:6      | Found a blossoming altar of Fedhas.
  3991 | D:6      | Found a staircase to the Ecumenical Temple.
  3997 | Temple   | Entered the Ecumenical Temple
  4584 | D:7      | Paralysed by a hornet for 1 turns
  4597 | D:7      | Paralysed by a hornet for 3 turns
  4671 | D:7      | Found a flagged portal.
  4686 | Bailey   | Entered a bailey
  4774 | Bailey   | Reached ***** piety under Trog
  4789 | Bailey   | Noticed a vault guard
  4814 | Bailey   | Killed a vault guard
  4815 | Bailey   | Reached XP level 10. HP: 82/100 MP: 9/9
  4899 | Bailey   | Reached skill level 10 in Armour
  4949 | Bailey   | Noticed Prince Ribbit
  4949 | Bailey   | Noticed a vault guard
  4959 | Bailey   | Killed a vault guard
  4963 | Bailey   | Killed Prince Ribbit
  4988 | Bailey   | Reached XP level 11. HP: 112/112 MP: 10/10
  4989 | Bailey   | Lost mutation: Your mind is acute. (Int +4, Str/Dex -1)
                  | [potion of mutation]
  4989 | Bailey   | Lost mutation: Armour fits poorly on your strangely shaped
                  | body. [potion of mutation]
  4989 | Bailey   | Gained mutation: Your body sometimes deteriorates upon
                  | taking damage. [potion of mutation]
  4989 | Bailey   | Gained mutation: You are covered in thick fur. (AC +2)
                  | [potion of mutation]
  4989 | Bailey   | Gained mutation: Your natural rate of healing is unusually
                  | fast. [potion of mutation]
  5985 | D:8      | Noticed Maggie
  5992 | D:8      | Killed Maggie
  6375 | D:8      | Found a staircase to the Lair.
  6667 | D:8      | Found an ancient bone altar of Kikubaaqudgha.
  6778 | D:9      | Identified the amulet "Keirgh" {rPois Regen+ Dex+5}
  6996 | D:9      | Reached skill level 1 in Shields
  7001 | D:9      | Found a white marble altar of Elyvilon.
  7167 | D:9      | Identified the +2 pair of boots "Timnoph" {Harm Int+2}
  7279 | D:9      | Found a snail-covered altar of Cheibriados.
  7321 | D:10     | Entered Level 10 of the Dungeon
  7479 | D:10     | Noticed a deep elf pyromancer
  7483 | D:10     | Found a runed translucent door.
  7494 | D:10     | Reached XP level 12. HP: 118/123 MP: 11/11
  7508 | D:10     | Lost mutation: Your natural rate of healing is unusually
                  | fast. [potion of mutation]
  7508 | D:10     | Lost mutation: Your flesh is cold resistant. (rC+) [potion
                  | of mutation]
  7508 | D:10     | Lost mutation: You are robust. (+10% HP) [potion of
                  | mutation]
  7508 | D:10     | Gained mutation: You expend magic power (3 MP) to
                  | strengthen your wands. [potion of mutation]
  7509 | D:10     | Lost mutation: You expend magic power (3 MP) to strengthen
                  | your wands. [potion of mutation]
  7509 | D:10     | Lost mutation: You are covered in thick fur. (AC +2)
                  | [potion of mutation]
  7509 | D:10     | Gained mutation: You possess an exceptional clarity of
                  | mind. [potion of mutation]
  7516 | D:10     | Noticed a boulder beetle
  7547 | D:10     | Reached skill level 15 in Axes
  7548 | D:10     | HP: 1/112 [boulder beetle (15)]
  7656 | D:10     | Killed a boulder beetle
  7670 | D:10     | Noticed a centaur warrior
  7670 | D:10     | Noticed a centaur warrior
  7781 | D:10     | Killed a centaur warrior
  7830 | D:10     | Killed a centaur warrior
  7997 | D:10     | Found a stormy altar of Qazlal.
  8412 | D:11     | Found Woufen's Antique Armour Emporium.
  8781 | D:11     | Found a staircase to the Orcish Mines.
  9084 | Lair:1   | Entered Level 1 of the Lair of Beasts
  9654 | Lair:1   | Reached ****** piety under Trog
  9727 | Lair:1   | Reached XP level 13. HP: 87/122 MP: 12/12
 10252 | Lair:2   | Found a staircase to the Shoals.
 10359 | Lair:2   | Received a gift from Trog
 10362 | Lair:2   | Reached skill level 5 in Shields
 11370 | Lair:3   | Found a staircase to the Snake Pit.
 11926 | Lair:4   | Found a staircase to the Slime Pits.
 11927 | Lair:4   | Found a viscous altar of Jiyva.
 11937 | Lair:4   | Reached skill level 1 in Evocations
 12924 | Lair:5   | Entered Level 5 of the Lair of Beasts
 12928 | Lair:5   | Received a gift from Trog
 13085 | Lair:5   | Reached XP level 14. HP: 109/133 MP: 13/13
 13128 | Lair:5   | Reached skill level 1 in Stealth
 13145 | Lair:5   | Reached skill level 15 in Fighting
 13227 | Lair:5   | Reached skill level 10 in Shields
 13369 | Lair:5   | Received a gift from Trog
 14351 | D:12     | Noticed Josephine
 14357 | D:12     | Killed Josephine
 15314 | Orc:1    | Entered Level 1 of the Orcish Mines
 15314 | Orc:1    | Found Bucann's Jewellery Shop.
 15333 | Orc:1    | Reached skill level 15 in Armour
 15391 | Orc:1    | Found a burning altar of Makhleb.
 15415 | Orc:1    | Found Xemidd's Jewellery Shoppe.
 15439 | Orc:2    | Entered Level 2 of the Orcish Mines
 15439 | Orc:2    | Noticed an orc warlord
 15455 | Orc:2    | Killed an orc warlord
 15551 | Orc:2    | Found a shimmering altar of Xom.
 15562 | Orc:2    | Noticed Urug
 15572 | Orc:2    | Killed Urug
 15576 | Orc:2    | Reached XP level 15. HP: 140/144 MP: 14/14
 15579 | Orc:2    | Received a gift from Trog
 15826 | Orc:2    | Found a staircase to the Elven Halls.
 16034 | Orc:2    | Found Geum's Antique Armour Shoppe.
 16034 | Orc:2    | Found Qaakheet's Jewellery Shoppe.
 16035 | Orc:2    | Found Ifutijir's Assorted Antiques.
 16035 | Orc:2    | Found Ycly's Book Emporium.
 16046 | Orc:2    | Bought a runed cloak for 255 gold pieces
 16427 | Orc:1    | Found Zaihet's Assorted Antiques.
 16589 | Orc:1    | Found Vuossun's Antique Weapon Shoppe.
 16802 | Orc:1    | Found Ryngops's Assorted Antiques.
 16805 | Orc:1    | Bought a granite ring for 190 gold pieces
 16805 | Orc:1    | Bought a runed plate armour for 988 gold pieces
 17019 | D:13     | Received a gift from Trog
 17125 | D:13     | Found Raoten's Jewellery Emporium.
 17131 | D:13     | Acquired 1020 gold pieces
 17133 | D:13     | Bought a +4 ring of protection for 432 gold pieces
 17509 | D:13     | Found a gate to the Vaults.
 17513 | D:13     | Identified the +2 tower shield of the Tormentor {rPois
                  | Dex+4 Stlth+}
 18348 | D:14     | Noticed Rupert
 18363 | D:14     | Killed Rupert
 18363 | D:14     | Received a gift from Trog
 18814 | D:15     | Entered Level 15 of the Dungeon
 19215 | D:15     | Noticed Jorgrun
 19235 | D:15     | Killed Jorgrun
 19396 | D:15     | Reached XP level 16. HP: 154/156 MP: 15/15
 19403 | D:15     | Found a staircase to the Depths.
 19814 | Snake:1  | Entered Level 1 of the Snake Pit
 19841 | Snake:1  | Identified the +6 flail "Qufotsock" {spect, rPois rC-
                  | rCorr}
 20413 | Snake:1  | Received a gift from Trog
 20888 | Snake:2  | Noticed Aizul
 20903 | Snake:2  | Killed Aizul
 21323 | Snake:2  | Reached skill level 15 in Shields
 21694 | Snake:3  | Received a gift from Trog
 21865 | Snake:3  | Reached XP level 17. HP: 111/166 MP: 16/16
 21912 | Snake:3  | Lost mutation: You possess an exceptional clarity of mind.
                  | [potion of mutation]
 21912 | Snake:3  | Lost mutation: You are covered in fur. (AC +1) [potion of
                  | mutation]
 21912 | Snake:3  | Lost mutation: You are partially covered in iridescent
                  | scales. (AC +2) [potion of mutation]
 21912 | Snake:3  | Gained mutation: You are partially covered in iridescent
                  | scales. (AC +2) [potion of mutation]
 21912 | Snake:3  | Gained mutation: You are clumsy. (Dex -2) [potion of
                  | mutation]
 21912 | Snake:3  | Gained mutation: You are very clumsy. (Dex -4) [potion of
                  | mutation]
 21913 | Snake:3  | Lost mutation: Your body sometimes deteriorates upon taking
                  | damage. [potion of mutation]
 21913 | Snake:3  | Lost mutation: You are partially covered in iridescent
                  | scales. (AC +2) [potion of mutation]
 21913 | Snake:3  | Gained mutation: Your muscles are strong. (Str +4, Int/Dex
                  | -1) [potion of mutation]
 22046 | Snake:3  | Found Atout's Weapon Shoppe.
 22050 | Snake:3  | Found Rucuf's Assorted Antiques.
 22094 | Snake:3  | Found Acacwuklol's General Store.
 22095 | Snake:3  | Found Duess's Specific Store.
 22295 | Snake:4  | Entered Level 4 of the Snake Pit
 22513 | Snake:4  | Identified the +9 war axe "Nadal" {heavy, Will+} (Trog
                  | gifted it to you on level 4 of the Snake Pit)
 22513 | Snake:4  | Received a gift from Trog
 22779 | Snake:4  | Got a serpentine rune of Zot
 23383 | Shoals:1 | Entered Level 1 of the Shoals
 23425 | Shoals:1 | Found Sofou's Book Emporium.
 23446 | Shoals:1 | Found Zaxye's Armour Emporium.
 23595 | Shoals:1 | Found Zecw's Antique Armour Boutique.
 23606 | Shoals:1 | Acquired 436 gold pieces
 23779 | Shoals:1 | Received a gift from Trog
 24352 | Shoals:2 | Found Ahuurr's Distillery.
 24384 | Shoals:2 | Bought a potion of heal wounds for 80 gold pieces
 24384 | Shoals:2 | Bought 2 potions of ambrosia for 256 gold pieces
 24384 | Shoals:2 | Bought a potion of curing for 48 gold pieces
 24384 | Shoals:2 | Bought a potion of curing for 48 gold pieces
 24596 | Shoals:2 | Noticed Kirke
 24632 | Shoals:2 | Killed Kirke
 24672 | Shoals:2 | Received a gift from Trog
 24694 | Shoals:2 | Reached XP level 18. HP: 49/178 MP: 17/17
 24791 | Shoals:2 | Reached skill level 1 in Unarmed Combat
 24796 | Shoals:2 | Found Cewniluh's Antique Armour Emporium.
 25526 | Shoals:3 | Noticed Polyphemus
 25540 | Shoals:3 | Killed Polyphemus
 26524 | Snake:3  | Bought a +3 broad axe of flaming for 387 gold pieces
 26756 | Shoals:4 | Entered Level 4 of the Shoals
 26949 | Shoals:4 | Identified the staff of fire "Oshraupef" {rPois rF+ rN+
                  | Str+3}
 26954 | Shoals:4 | Noticed Nikola
 26975 | Shoals:4 | Killed Nikola
 27234 | Shoals:4 | Received a gift from Trog
 27411 | Shoals:4 | Identified the ring "Uquwemas" {rCorr SInv}
 27480 | Shoals:4 | Got a barnacled rune of Zot
 28212 | Vaults:1 | Entered Level 1 of the Vaults
 28447 | Vaults:1 | Reached XP level 19. HP: 175/187 MP: 18/18
 28490 | Vaults:1 | Received a gift from Trog
 28639 | Vaults:1 | Found Zacuf's Weapon Emporium.
 29534 | Vaults:1 | Received a gift from Trog
 30000 | Vaults:2 | Identified the +7 mace of Spontaneous Combustion {elec,
                  | rElec rC+ SInv}
 30154 | Vaults:2 | Received a gift from Trog
 30280 | Vaults:2 | Paralysed by a great orb of eyes for 2 turns
 31304 | Vaults:3 | Reached XP level 20. HP: 186/199 MP: 19/19
 31334 | Vaults:3 | Received a gift from Trog
 31430 | Vaults:3 | Found Tifodeq's Antique Weapon Shoppe.
 31486 | Vaults:3 | Noticed Xtahua
 31700 | D:13     | Bought the ring of Xom's Sleight of Hands {rF+ rC+ Slay+5}
                  | for 720 gold pieces
 31960 | Vaults:3 | Killed Xtahua
 32285 | Vaults:3 | Identified the +1 hand axe of the Evil Eye {heavy, Dex+3}
 32936 | Vaults:3 | Found a staircase to the Crypt.
 33230 | Vaults:4 | Received a gift from Trog
 33627 | Vaults:4 | Found a transporter.
 33636 | Vaults:4 | Noticed theMacoje's ghost (adept OgEn)
 33639 | Vaults:4 | Found a bloodstained altar of Trog.
 33675 | Vaults:4 | Found a transporter.
 34036 | Vaults:4 | Identified the +8 war axe of Oenomania {heavy, rPois rCorr
                  | Stlth+} (Trog gifted it to you on level 4 of the Vaults)
 34036 | Vaults:4 | Received a gift from Trog
 34411 | Vaults:4 | Noticed Sojobo
 34425 | Vaults:4 | Killed Sojobo
 34469 | Vaults:4 | Reached XP level 21. HP: 158/209 MP: 20/20
 34789 | Vaults:4 | Killed theMacoje's ghost
 34822 | Vaults:4 | Identified the +5 giant spiked club of the Five Hells
                  | {flame, Str+4}
 35370 | Orc:2    | Bought the +0 mask of the Dragon {Will+ Slay+3 SInv} for
                  | 1135 gold pieces
 35370 | Orc:2    | Found the +0 mask of the Dragon {Will+ Slay+3 SInv}
 36202 | Elf:1    | Entered Level 1 of the Elven Halls
 36318 | Elf:1    | Noticed Frances
 36333 | Elf:1    | Killed Frances
 36492 | Elf:1    | Received a gift from Trog
 36514 | Elf:1    | Found Jisuzxo's One-of-a-Kind Books.
 36641 | Elf:1    | Found a runed translucent gate.
 36642 | Elf:1    | Found a runed translucent gate.
 36642 | Elf:1    | Found an opulent altar of Gozag.
 36644 | Elf:1    | Found a runed translucent gate.
 36645 | Elf:1    | Noticed Fecro's ghost (journeyman SpBr)
 36646 | Elf:1    | Found Nigittit's Assorted Antiques.
 36649 | Elf:1    | Found Bywnitiw's Assorted Antiques.
 36679 | Elf:1    | Killed Fecro's ghost
 36750 | Elf:1    | Paralysed by an air elemental for 1 turns
 36834 | Elf:1    | Bought a scintillating golden ring for 225 gold pieces
 36834 | Elf:1    | Identified the ring of Fucoun {Fly rElec rC- rN+ Stlth+}
                  | (You bought it in a shop on level 1 of the Elven Halls)
 37454 | Elf:2    | Noticed Zenata
 37455 | Elf:2    | Found a runed translucent gate.
 37460 | Elf:2    | Found a runed translucent gate.
 37460 | Elf:2    | Found a runed translucent gate.
 37466 | Elf:2    | Killed Zenata
 37591 | Elf:2    | Received a gift from Trog
 37596 | Elf:2    | Noticed Louise
 37613 | Elf:2    | Killed Louise
 38803 | Elf:1    | Bought a scroll of enchant armour for 337 gold pieces
 40061 | Elf:3    | Entered Level 3 of the Elven Halls
 40452 | Elf:3    | Found Huvuen's Book Emporium.
 40888 | Elf:3    | Reached XP level 22. HP: 211/222 MP: 7/21
 40977 | Elf:3    | Identified the +7 long sword of Gallantry {flame, Will+}
 40986 | Elf:3    | Identified the +5 short sword "Urihumas" {heavy, *Noise
                  | Will++ Dex+7}
 40989 | Elf:3    | Identified the ring of Zolatz {rPois Dex+6 Slay+2}
 41181 | Elf:3    | Identified the +0 leather armour of the Bard {Str+5 Int+3}
 41818 | Depths:1 | Entered Level 1 of the Depths
 41828 | Depths:1 | Lost intelligence.
 41866 | Depths:1 | Received a gift from Trog
 41909 | Depths:1 | Found a gateway to Hell.
 42007 | Depths:1 | Found a one-way gate leading to the halls of Pandemonium.
 42195 | Depths:1 | Found Teudod's Distillery.
 42199 | Depths:1 | Found a one-way gate to the infinite horrors of the Abyss.
 42212 | Depths:1 | Noticed a golden dragon
 42229 | Depths:1 | Killed a golden dragon
 42379 | Depths:1 | Identified the +0 ring mail "Lirytapo" {rC+ rN+}
 42770 | Depths:2 | Found Fises's Antique Weapon Shoppe.
 43457 | Depths:2 | Found Ges Otigh's Jewellery Shop.
 43481 | Depths:2 | Found Gaicoukh's Magic Scroll Boutique.
 43514 | Depths:2 | Found Papim's Magic Scroll Emporium.
 43603 | Depths:2 | Received a gift from Trog
 43659 | Depths:2 | Noticed a caustic shrike
 43663 | Depths:2 | Killed a caustic shrike
 43707 | Depths:2 | Noticed a caustic shrike
 43707 | Depths:2 | Noticed a golden dragon
 43722 | Depths:2 | Killed a caustic shrike
 43737 | Depths:2 | Killed a golden dragon
 43775 | Depths:2 | Identified the +0 chain mail of the Farrier {Rampage rElec
                  | Int+2}
 43919 | Depths:2 | You are sucked into a shaft and drop 1 floor!
 44083 | Depths:2 | Found a one-way gateway to a ziggurat.
 44176 | Depths:2 | Received a gift from Trog
 44378 | Depths:2 | Found Raymiam's Jewellery Shop.
 44378 | Depths:2 | Found Zeiklaj's Book Emporium.
 44379 | Depths:2 | Found Atuveid's Book Emporium.
 44588 | Depths:3 | Found a radiant altar of Vehumet.
 44925 | Depths:3 | Noticed a golden dragon
 44940 | Depths:3 | Reached XP level 23. HP: 211/236 MP: 22/22
 45445 | Depths:4 | Entered Level 4 of the Depths
 45478 | Depths:4 | Found a gate to the Realm of Zot.
 45528 | Depths:4 | Reached skill level 27 in Axes
 45663 | Depths:4 | Received a gift from Trog
 45847 | Depths:4 | Found a transporter.
 45851 | Depths:4 | Found a transporter.
 45853 | Depths:4 | Found a transporter.
 45894 | Depths:4 | Found a transporter.
 46058 | Depths:4 | Noticed Parghit
 46101 | Depths:4 | Killed Parghit
 46226 | Depths:4 | Noticed a juggernaut
 46241 | Depths:4 | Killed a juggernaut
 46276 | Depths:4 | Reached skill level 27 in Fighting
 46570 | Depths:4 | Identified the +1 demon trident of the Enchanting Pariah
                  | {freeze, Str+2}
 48724 | Vaults:5 | Entered Level 5 of the Vaults
 48735 | Vaults:5 | Noticed an ancient lich
 48738 | Vaults:5 | Reached skill level 1 in Throwing
 48739 | Vaults:5 | Reached skill level 10 in Dodging
 48751 | Vaults:5 | Killed an ancient lich
 48961 | Vaults:5 | Identified the +1 robe "Befentul" {Drain rF+++ rCorr Dex-2}
 48991 | Vaults:5 | Received a gift from Trog
 49119 | Vaults:5 | Identified the +1 dagger of the Crawling Thing {heavy,
                  | Will- Int+4 Stlth+}
 49338 | Vaults:5 | Reached skill level 27 in Shields
 49367 | Vaults:5 | Noticed an ancient lich
 49376 | Vaults:5 | Reached XP level 24. HP: 231/249 MP: 22/22
 49380 | Vaults:5 | Killed an ancient lich
 49484 | Vaults:5 | Identified the +8 plate armour "Odot" {Dex+8}
 49633 | Vaults:5 | Noticed an ancient lich
 49639 | Vaults:5 | Noticed a dread lich
 49641 | Vaults:5 | Killed an ancient lich
 49648 | Vaults:5 | Killed a dread lich
 49666 | Vaults:5 | Identified the +7 hand axe "Worghigg" {flame, +Blink rElec
                  | rPois} (Trog gifted it to you on level 5 of the Vaults)
 49666 | Vaults:5 | Received a gift from Trog
 49671 | Vaults:5 | Noticed a shard shrike
 49674 | Vaults:5 | a shard shrike changed into a juggernaut
 49674 | Vaults:5 | Noticed a juggernaut (glowing shapeshifter)
 49678 | Vaults:5 | a juggernaut changed into an acid blob
 49785 | Vaults:5 | Identified the +12 sling of Righteous Fury {freeze, Fly
                  | rPois rC- Dex-2}
 49792 | Vaults:5 | Identified the amulet "Kuihomuk" {RegenMP rPois rN++ Will-
                  | Dex+4}
 50107 | Vaults:5 | Got a silver rune of Zot
 50261 | Vaults:5 | Identified the +6 rapier "Xyd Pele" {freeze, rElec rPois
                  | Int+2}
 50531 | Vaults:4 | Acquired 1238 gold pieces
 50994 | Depths:2 | Bought the ring of Xom's Capriciousness {rElec Will+ EV+5}
                  | for 1000 gold pieces
 51573 | Orc:1    | Bought a scroll of silence for 361 gold pieces
 51573 | Orc:1    | Bought a scroll of silence for 361 gold pieces
 51573 | Orc:1    | Bought a scroll of magic mapping for 285 gold pieces
 52308 | Zot:1    | Entered Level 1 of the Realm of Zot
 53050 | Zot:2    | Received a gift from Trog
 53422 | Zot:2    | Reached skill level 5 in Throwing
 53711 | Zot:3    | Noticed a Killer Klown
 53723 | Zot:3    | Killed a Killer Klown
 53735 | Zot:3    | Noticed a Killer Klown
 53746 | Zot:3    | Killed a Killer Klown
 53747 | Zot:3    | Reached XP level 25. HP: 225/257 MP: 7/22
 54061 | Zot:3    | Received a gift from Trog
 55253 | Zot:4    | Reached skill level 15 in Dodging
 55740 | Zot:4    | Identified the staff of air "Leshril" {*Corrode +Blink
                  | rElec Int+4}
 55811 | Zot:4    | Noticed an orb of fire
 55813 | Zot:4    | Noticed a Killer Klown
 55824 | Zot:4    | Killed an orb of fire
 55857 | Zot:4    | Received a gift from Trog
 55873 | Zot:4    | Killed a Killer Klown
 56456 | Zot:5    | Entered Level 5 of the Realm of Zot
 56611 | Zot:5    | Reached skill level 10 in Throwing
 56964 | Zot:5    | Noticed an orb of fire
 56966 | Zot:5    | Gained mutation: You are frail. (-10% HP) [an orb of fire]
 56970 | Zot:5    | Gained mutation: Your body sometimes deteriorates upon
                  | taking damage. [an orb of fire]
 56971 | Zot:5    | Noticed an ancient lich
 56974 | Zot:5    | Killed an orb of fire
 56984 | Zot:5    | Noticed an ancient lich
 56987 | Zot:5    | Noticed a Killer Klown
 56993 | Zot:5    | Killed an ancient lich
 56999 | Zot:5    | Killed an ancient lich
 57000 | Zot:5    | Reached XP level 26. HP: 192/239 MP: 7/22
 57018 | Zot:5    | Noticed an orb of fire
 57019 | Zot:5    | Noticed an ancient lich
 57032 | Zot:5    | Noticed an ancient lich
 57036 | Zot:5    | Killed an orb of fire
 57036 | Zot:5    | Received a gift from Trog
 57038 | Zot:5    | Killed an ancient lich
 57039 | Zot:5    | Killed an ancient lich
 57057 | Zot:5    | Noticed a dread lich
 57071 | Zot:5    | Killed a dread lich
 57185 | Zot:5    | Noticed an ancient lich
 57195 | Zot:5    | Killed an ancient lich
 57299 | Zot:5    | Noticed an ancient lich
 57305 | Zot:5    | Killed an ancient lich
 57473 | Zot:5    | Noticed a dread lich
 57483 | Zot:5    | Killed a dread lich
 57722 | Zot:5    | Got the Orb of Zot
 57827 | Zot:3    | Noticed Zuozoqin the pandemonium lord
 57837 | Zot:3    | Noticed Qiafex the pandemonium lord
 57847 | Zot:3    | Killed Qiafex the pandemonium lord
 57977 | Depths:3 | Noticed Onetex the pandemonium lord
 58235 | D:3      | Noticed Pourghel the pandemonium lord
 58311 | D:1      | Noticed Epoiz the pandemonium lord
 58316 | D:1      | Noticed Kihuy the pandemonium lord
 58322 | D:1      | Killed Epoiz the pandemonium lord
 58323 | D:1      | Noticed Bif Le Ecw the pandemonium lord
 58331 | D:1      | Killed Kihuy the pandemonium lord
 58340 | D:1      | Killed Bif Le Ecw the pandemonium lord
 58364 | D:$      | Escaped with the Orb!

Illustrated notes

Levels and vault maps discovered:
D:1:      dpeg_arrival_stonehenge_12_columns, layout_basic
D:2:      layout_rooms, patterned_corridor
D:3:      layout_basic, mainiacjoe_overflow_paths,
          nicolae_overflow_crystal_walls, st_stairs_12,
          chequers_serial_rivers_micro_e, roderic_lattice_a,
          minmay_misc_feat_tower
D:4:      layout_rooms, overflow_temple_1_default, uniq_natasha, uniq_edmund,
          uniq_pikel, uniq_grinder
D:5:      layout_basic, ashenzari_altar_1
D:6:      layout_basic, fedhas_altar_2, minmay_temple_entry_statues_pillars,
          minmay_fire_ice_demons, uniq_blork_the_orc
D:7:      layout_basic, enter_bailey_5
D:8:      cheibrodos_fertilizer, layout_loops_ring,
          lemuel_coloured_pillars_altar, erik_lair_orcish_takeover,
          minmay_stone_trees_small, chequers_arboretum, grunt_ministairs_6,
          uniq_maggie
D:9:      layout_cave_pools, mainiacjoe_overflow_brackets, slow_altar_2
D:10:     minmay_the_grid_triangle_9x9_rhombus_thin_mashed
          [minmay_the_grid_triangle_9x9_flanged_cone,
          minmay_the_grid_triangle_9x9_prize_schism,
          minmay_the_grid_triangle_9x9_subtriangle,
          minmay_the_grid_triangle_9x9_pentomino_pain], layout_small_grid,
          nicolae_qazlal_general_emergency, kennysheep_cluttered_room
D:11:     layout_basic, david_orc_1_choice, serial_shops, shop
D:12:     lemuel_ice_spiral_2, layout_irregular_city, serial_co_window_serial,
          co_window_of_opportunity_a, co_window_paths_b, co_window_corner_a,
          co_window_paths_b, co_window_corner_a, co_window_of_opportunity_a,
          co_window_of_opportunity_b, co_window_broadway_a,
          co_window_of_opportunity_c, co_window_unsneaky_path_a,
          co_window_unsneaky_path_d, co_window_2corner, co_window_paths_e,
          glass_columns_a, glass_columns_a, glass_columns_c, uniq_josephine
D:13:     layout_basic, ximxim_vaults_locker_room, serial_shops, shop,
          nooodl_orcs_dogs
D:14:     layout_long_grid, minmay_misc_feat_plants, uniq_rupert
D:15:     hangedman_depths_entry_try_elsewhere_first, layout_basic, uniq_jorgrun
Temple:   compressed_dpeg_triangle_lava_temple
Lair:1:   layout_cave_pods
Lair:2:   layout_small_grid, shoals_dummy_entry, serial_bayou_lagoon_b
Lair:3:   layout_roguey, nicolae_snake_entry_warm_welcome, roderic_carrion_pond
Lair:4:   minmay_lair_venomous_thicket, layout_cave_pods, slime_entry_1,
          serial_bayou_shore_a, grunt_megastairs_4
Lair:5:   gammafunk_lair_ancient_temple, layout_misc_corridors, special_room
          [special_room_bee], lemuel_fruit_tree
Shoals:1: layout_shoals, serial_shops, shop, shop, shop,
          nicolae_shoals_pincushion_passage
Shoals:2: layout_shoals, serial_shops,
          nicolae_shop_temple_entry_statues_fountains, shop,
          nicolae_shoals_beach_house_on_fowls_legs, uniq_kirke
Shoals:3: layout_shoals, uniq_polyphemus
Shoals:4: shoals_end_grunt_garden, layout_shoals, nicolae_shoals_shepherds,
          uniq_nikola
Snake:1:  layout_misc_corridors, grunt_megastairs_5
Snake:2:  layout_layer_cave, uniq_aizul
Snake:3:  layout_onion_interference, nicolae_specific_store, minmay_shop_star
Snake:4:  minmay_snake_end_coiled, layout_rooms
Orc:1:    layout_caves, serial_shops, shop, nicolae_shop_tiny_real_fake_doors,
          nicolae_shop_gaudy_bauble, shop, shop, basic_altar, mines1_david
Orc:2:    st_orc_pillars, layout_diamond_mine, basic_altar, library_closet,
          uniq_urug
Elf:1:    layout_geoelf_grid, ebering_ghost_gozag, hangedman_elf_represent,
          nicolae_rare_books, st_stairs_14, uniq_frances
Elf:2:    nicolae_elf_blades_splatter_lattice [mumra_blade_entry_bloodbath],
          layout_onion_city, uniq_louise, uniq_zenata, uniq_donald
Elf:3:    grunt_elf_hall_asides, layout_geoelf_diagonals, serial_shops,
          nicolae_lakefront_shop
Vaults:1: nicolae_vaults_trapezoid_lopsided_2,
          nicolae_vaults_taking_the_gang_shopping,
          nicolae_vaults_trapezoid_lopsided_4, nicolae_vaults_sealed_display,
          vaults_mumra_bighexcomb, nicolae_vaults_closet_pinwheel_4,
          ontoclasm_vaults_ring_square, nicolae_vaults_cornered_office,
          nicolae_vaults_offset_grid_hallway_1, v_rooms_5,
          nicolae_vaults_closet_pinwheel_1, ontoclasm_vaults_decontamination,
          layout_vaults_big_cross, serial_hangedman_research,
          hangedman_research_convocations, hangedman_research_quantum
Vaults:2: hangedman_vaults_cutoff, v_misc_26, v_pattern_2,
          vaults_standard_mumra_enter_the_diamond, nicolae_vaults_trapezoid_4,
          nicolae_vaults_heist, nicolae_vaults_network_barrier,
          nicolae_vaults_variable_pillar_hall, nicolae_vaults_oval_intersection,
          ontoclasm_vaults_claustrophobia, ontoclasm_vaults_gateway,
          layout_vaults_maze_bifur, uniq_margery
Vaults:3: nicolae_vaults_tetromino_Z_1, nicolae_vaults_little_squares_3,
          v_misc_4, nicolae_vaults_trapezoid_layered,
          nicolae_vaults_weapon_check, nicolae_vaults_closet_pinwheel_2,
          minmay_crypt_entry_simple_plaza, nicolae_vaults_more_shelving_2,
          grunt_vaults_diagonal, v_pattern_5, nicolae_vaults_diamond_1,
          nicolae_vaults_trapezoid_1, nicolae_vaults_apartment_2, v_misc_11,
          layout_vaults_big_room, serial_shops,
          nicolae_shop_pleasant_corner_grove, uniq_xtahua
Vaults:4: gammafunk_ghost_wrathful_warriors, nicolae_vaults_network_square,
          v_rooms_5, nicolae_vaults_cornered_office, hangedman_vaults_cutoff,
          grunt_vaults_hallway_short, nicolae_vaults_storage_closets_1,
          vaults_room_ringed_pool, hangedman_vaults_corner_blocks,
          nicolae_vaults_storage_closets_3, nicolae_vaults_little_ls,
          nicolae_vaults_apartment_1, nicolae_vaults_double_plus_2,
          layout_vaults_ring, serial_shops, uniq_sojobo
Vaults:5
Depths:1: layout_cave_pools, serial_shops, nicolae_shop_industrial_runoff,
          hangedman_abyss_or_decor_lesser_grid, rand_demon_pan_entry_4,
          hell_entry, abyss_entry, minivault_10, dispersion_dpeg
Depths:2: evilmike_pillar_path, layout_cave_pools, enter_ziggurat_d,
          serial_shops, nicolae_shop_rolled_up, shop, nicolae_shop_statue_plus,
          nicolae_square_shop, hangedman_geh_valley,
          serial_sigils_hangedman_shear, special_room [special_room_jelly],
          grunt_pan_entry_spiral, minmay_shop_grove
Depths:3: evilmike_horseshoe, layout_gridlike, hell_entry, abyss_entry,
          nicolae_vehumet_altar_sigil, infiniplex_staircase_x
Depths:4: grunt_zot_entry_funnels, layout_basic, pan_entry, hellmouth_2,
          reono_crystal_passage, hex_intersection, nicolae_transporter_circle,
          serial_bayou_shore_b, uniq_parghit, uniq_josephina
Zot:1:    layout_onion_interference
Zot:2:    kennysheep_six_static_rooms, layout_misc_corridors
Zot:3:    cheibrodos_zot_enchanting_chambers, layout_cathedral_of_symmetry
Zot:4:    gammafunk_mikee_crab_dinner, layout_concentric_octagons,
          grunt_ministairs_13, zot_minivault_1
Zot:5:    layout_basic

Skill      XL: |  1  2  3  4  5  6  7  8  9 10 11 12 13 14 15 16 17 18 19 20 21 22 23 24 25 26 |
---------------+-------------------------------------------------------------------------------+-----
Fighting       | 4 5 6 7 9 11 12 13 14 16 17 18 19 20 21 22 23 25 27 | 27.0
Axes           | 4 5 7 9 10 12 13 14 16 18 19 20 21 22 23 24 25 26 27 | 27.0
Armour         | 3 5 7 9 11 12 13 14 15 16 17 18 19 20 21 23 25 26 | 26.7
Dodging        | 3 7 8 9 11 14 15 16 | 16.9
Shields        | 1 4 8 11 13 15 17 19 21 22 23 25 27 | 27.0
Evocations     | 1 2 3 4 |  4.8
Stealth        | 1 2 3 |  3.1
Unarmed Combat | 1 |  1.5
Throwing       | 1 5 11 14 | 14.1

Action                     |  1- 3 |  4- 6 |  7- 9 | 10-12 | 13-15 | 16-18 | 19-21 | 22-24 | 25-27 || total
---------------------------+-------+-------+-------+-------+-------+-------+-------+-------+-------++-------
  Melee: Hand axe          |    82 |    94 |   291 |    11 |       |       |       |       |       ||   478
         Headbutt          |    12 |    11 |    62 |    91 |   205 |   211 |   308 |   372 |   214 ||  1486
         Punch             |       |     2 |     2 |       |       |       |       |       |       ||     4
         Broad axe         |       |       |       |   388 |   892 |   573 |  1087 |  1092 |   589 ||  4621
         War axe           |       |       |       |       |       |   282 |       |       |       ||   282
         Unarmed           |       |       |       |       |       |    23 |       |       |       ||    23
  Throw: Boomerang         |       |       |       |     2 |     2 |       |       |     2 |       ||     6
         Javelin           |       |       |       |       |       |       |       |    40 |    86 ||   126
         Throwing net      |       |       |       |       |       |       |       |       |     2 ||     2
 Invoke: Berserk           |       |     1 |     2 |     2 |     1 |     4 |     1 |       |       ||    11
         Trog's Hand       |       |       |       |     1 |       |     2 |     5 |     1 |     2 ||    11
         Brothers in Arms  |       |       |       |       |       |     9 |    10 |     6 |     4 ||    29
  Evoke: Wand              |       |     2 |       |     1 |     3 |    40 |     9 |    13 |     2 ||    70
         Phantom mirror    |       |       |       |       |       |     2 |     2 |       |       ||     4
         Box of beasts     |       |       |       |       |       |     1 |     1 |       |       ||     2
    Use: Scroll            |     2 |     3 |     5 |    13 |    11 |    10 |    11 |    13 |     6 ||    74
         Potion            |     1 |     4 |     6 |     5 |     8 |    15 |     5 |     8 |    17 ||    69
   Stab: Distracted        |       |       |       |       |     2 |       |     2 |       |       ||     4
         Invisible         |       |       |       |       |       |     2 |       |       |       ||     2
         Petrified         |       |       |       |       |       |     2 |       |       |       ||     2
 Armour: Scale mail        |    42 |       |       |       |       |       |       |       |       ||    42
         Plate armour      |     7 |    55 |   178 |   205 |   598 |   375 |   261 |    26 |       ||  1705
         Gold dragon scale |       |       |       |       |       |       |       |   337 |   186 ||   523
  Dodge: Dodged            |    47 |    43 |   119 |   145 |   331 |   275 |   178 |   313 |   234 ||  1685
         Repelled          |       |       |       |       |       |       |     3 |    28 |    25 ||    56
  Block: Other             |     7 |       |       |       |       |       |       |       |       ||     7
         Kite shield       |       |       |       |   138 |   577 |       |       |       |       ||   715
         Tower shield      |       |       |       |       |   147 |   992 |   866 |  1070 |   551 ||  3626
